 Dungeon Crawl Stone Soup version 0.28-a0-1374-ga75cb3825e (webtiles) character file.

Game seed: 12094803654121661398

575487 karrick the Impregnable (level 27, 0/219 HPs)
             Began as a Gnoll Fighter on Dec 31, 2021.
             Was the Champion of Okawaru.
             Killed by divine providence
             ... invoked by a smoke demon
              (9 damage)
             ... in Pandemonium on Jan 1, 2022.
             The game lasted 06:07:03 (83821 turns).

karrick the Impregnable (Gnoll Fighter)            Turns: 83821, Time: 06:07:04

Health: 0/219      AC: 44    Str: 24    XL:     27
Magic:  0/44       EV: 21    Int: 14    God:    Okawaru [******]
Gold:   5038       SH:  0    Dex: 34    Spells: 37/60 levels left

rFire   + . .      SeeInvis +   P - +9 long sword (holy)
rCold   + + +      Faith    .   (no shield)
rNeg    + + +      Spirit   +   U - +10 gold dragon scales of Classification {-Tele rPois rF+ rC+ Str+2 Dex+3}
rPois   +          Reflect  .   p - +2 hood of the Assassin {Detection Stab+ Stlth++}
rElec   +          Harm     .   x - +1 cloak of Jigsaw {Fly rN+++ Int-5 Dex+3}
rCorr   .          Rampage  +   v - -1 pair of gloves of Izxa {rElec Str+6}
Will    +++..      NoTele   +   L - +2 pair of boots {rampage}
Stlth   +++.......              r - amulet of Biqe {Spirit Rampage Str-2 Dex+4}
HPRegen 0.46/turn               K - ring "Jeitid" {Contam rPois rC+++ Int+6 SInv}
MPRegen 0.29/turn               V - +6 ring of dexterity

@: finesse-ful, flying, studying 3 skills
A: fangs 1, strong nose, distributed training, strong-willed 1, wild magic 1
}: 2/15 runes: barnacled, silver
a: Renounce Religion, Heroism, Finesse, Duel


You were in Pandemonium.
You worshipped Okawaru.
Okawaru was exalted by your worship.
You visited 9 branches of the dungeon, and saw 44 of its levels.
You visited Pandemonium 1 time, and saw 1 of its levels.
You also visited: Ice Cave and Wizlab.

You collected 8094 gold pieces.
You spent 3056 gold pieces at shops.

Inventory:

Hand Weapons
 h - the +7 lajatang of Order {silver, rMut}
   (You took it off a centaur warrior on level 9 of the Dungeon)

   It inflicts extra damage upon those it strikes, and deals substantially
   increased damage to chaotic, mutated and magically transformed beings.
   rMut:      It protects you from mutation.
 q - the +9 dagger of the Warrior {spect, rF+}
   (You found it on level 5 of the Dungeon)

   When its wielder attacks, the weapon's spirit leaps out and strikes again.
   The spirit shares a part of any damage it takes with its wielder.
   rF:        It protects you from fire.
 z - the +8 broad axe "Girhu" {vorpal, Stlth+}
   (You found it on level 4 of the Shoals)

   It inflicts extra damage upon your enemies.
   Stlth:     It makes you more stealthy.
 E - the +11 war axe of Fundamental Breach {vamp, rPois Int+4}
   (You took it off a balrug on level 4 of the Depths)

   It occasionally heals its wielder for a portion of the damage dealt when it
   wounds a living foe.
   Int:       It affects your intelligence (+4).
   rPois:     It protects you from poison.
 G - the +7 pair of quick blades "Gyre" and "Gimble" {protect}
   (You found it on level 13 of the Dungeon)

   It grants its wielder temporary protection when it strikes (+7 to AC).
 H - the +8 broad axe "Koebroc" {antimagic, *Noise rPois rN+++ Dex+4}
   (You acquired it in a wizard's laboratory)

   It reduces the magical energy of the wielder, and disrupts the spells and
   magical abilities of those it strikes.
   Natural abilities and divine invocations are not affected.
   Dex:       It affects your dexterity (+4).
   rPois:     It protects you from poison.
   rN:        It renders you almost immune to negative energy.
   *Noise:    It may make noises in combat.
 M - the +10 dark maul {vorpal}
   (You took it off a rakshasa on level 9 of the Dungeon)

   It inflicts extra damage upon your enemies.
 P - a +9 long sword of holy wrath (weapon)
Missiles
 F - 15 javelins (quivered)
Armour
 c - a +3 buckler of reflection
 m - +2 swamp dragon scales
 p - the +2 hood of the Assassin (worn) {Detection Stab+ Stlth++}
   (You bought it in a shop on level 14 of the Dungeon)

   It allows the wearer to sense nearby creatures.
   It allows the wearer to make particularly effective stabbing attacks against
   helpless or unaware enemies with any weapon.
   Stlth:     It makes you much more stealthy.
 v - the -1 pair of gloves of Izxa (worn) {rElec Str+6}
   (Okawaru gifted it to you on level 5 of the Lair of Beasts)

   Str:       It affects your strength (+6).
   rElec:     It insulates you from electricity.
 x - the +1 cloak of Jigsaw (worn) {Fly rN+++ Int-5 Dex+3}
   (You found it on level 5 of the Lair of Beasts)

   Int:       It affects your intelligence (-5).
   Dex:       It affects your dexterity (+3).
   rN:        It renders you almost immune to negative energy.
   Fly:       It grants you flight.
 B - +4 fire dragon scales {Xtahua}
 L - a +2 pair of boots of rampaging (worn)
 T - a scarf of resistance
 U - the +10 gold dragon scales of Classification (worn) {-Tele rPois rF+ rC+ Str+2 Dex+3}
   (You acquired it on level 1 of the Depths)

   Str:       It affects your strength (+2).
   Dex:       It affects your dexterity (+3).
   rF:        It protects you from fire.
   rC:        It protects you from cold.
   rPois:     It protects you from poison.
   -Tele:     It prevents most forms of teleportation.
 W - an orb of mayhem
Jewellery
 b - a +4 ring of protection
 r - the amulet of Biqe (around neck) {Spirit Rampage Str-2 Dex+4}
   (You found it on level 4 of the Lair of Beasts)

   [amulet of guardian spirit]

   It causes incoming damage to be divided between your reserves of health and
   magic.
   Str:       It affects your strength (-2).
   Dex:       It affects your dexterity (+4).
   Rampage:   It bestows one free step when moving towards enemies.
 y - the amulet of Bojemom {Faith Contam rN+++ Will- Str+4}
   (You acquired it on level 1 of the Depths)

   [amulet of faith]

   It allows you to gain divine favour quickly.
   Str:       It affects your strength (+4).
   rN:        It renders you almost immune to negative energy.
   Contam:    It causes magical contamination when unequipped.
   Will:      It decreases your willpower.
 I - the ring "Sale" {rElec rPois rF+ rC- Int+6}
   (You found it on level 2 of the Vaults)

   [ring of intelligence]

   Int:       It affects your intelligence (+6).
   rF:        It protects you from fire.
   rC:        It makes you vulnerable to cold.
   rElec:     It insulates you from electricity.
   rPois:     It protects you from poison.
 K - the ring "Jeitid" (left hand) {Contam rPois rC+++ Int+6 SInv}
   (You took it off a merfolk on level 4 of the Shoals)

   [ring of intelligence]

   Int:       It affects your intelligence (+6).
   rC:        It renders you almost immune to cold.
   rPois:     It protects you from poison.
   SInv:      It lets you see invisible.
   Contam:    It causes magical contamination when unequipped.
 V - a +6 ring of dexterity (right hand)
Wands
 A - a wand of iceblast (39)
 J - a wand of flame (10)
 S - a wand of acid (4)
 X - a wand of digging (18)
Scrolls
 j - a scroll of fear
 k - 11 scrolls of immolation
 n - 10 scrolls of fog
 t - 17 scrolls of teleportation
 u - 6 scrolls of blinking
 C - 6 scrolls of vulnerability
 D - 2 scrolls of brand weapon
 Q - 5 scrolls of magic mapping
Potions
 a - 5 potions of invisibility
 d - 4 potions of might
 e - 3 potions of berserk rage
 g - 13 potions of brilliance
 i - 14 potions of mutation
 s - 19 potions of curing
 N - a potion of cancellation
 R - a potion of resistance
Miscellaneous
 f - a tin of tremorstones (2/2)
 Y - a lightning rod (4/4)
 Z - a condenser vane (inert)


   Skills:
 + Level 18.4 Fighting
 + Level 17.3 Short Blades
 + Level 17.9 Long Blades
 + Level 17.3 Axes
 + Level 17.3 Maces & Flails
 + Level 17.3 Polearms
 + Level 19.2 Staves
 + Level 17.3 Slings
 + Level 17.3 Bows
 + Level 17.3 Crossbows
 + Level 17.3 Throwing
 + Level 23.3 Armour
 + Level 17.3 Dodging
 + Level 17.3 Stealth
 + Level 18.4 Shields
 + Level 17.3 Unarmed Combat
 + Level 17.3 Spellcasting
 + Level 14.8 Conjurations
 + Level 14.8 Hexes
 + Level 16.5 Summonings
 + Level 14.8 Necromancy
 + Level 14.8 Translocations
 + Level 14.8 Transmutations
 + Level 14.8 Fire Magic
 + Level 14.8 Ice Magic
 + Level 14.8 Air Magic
 + Level 14.8 Earth Magic
 + Level 14.8 Poison Magic
 + Level 18.8 Invocations
 + Level 17.3 Evocations


You had 37 spell levels left.
You knew the following spells:

 Your Spells              Type           Power      Damage    Failure   Level
a - Foxfire               Conj/Fire      100%       2x1d9     1%          1
b - Flame Wave            Conj/Fire      62%        2d10      2%          4
c - Dazzling Flash        Conj/Hex       100%       N/A       1%          3
d - Passage of Golubria   Tloc           62%        N/A       2%          4
e - Dispel Undead         Necr           62%        3d22      2%          4
f - Silence               Hex/Air        31%        N/A       6%          5
g - Blink                 Tloc           100%       N/A       1%          2

Your spell library contained the following spells:

 Spells                   Type           Power      Damage    Failure   Level
 Beastly Appendage        Tmut           100%       N/A       1%          1
 Magic Dart               Conj           100%       1d8       1%          1
 Sandblast                Erth           100%       2d20      1%          1
 Shock                    Conj/Air       100%       1d9       1%          1
 Sting                    Tmut/Pois      100%       1d8       1%          1
 Corpse Rot               Necr/Air       100%       N/A       1%          2
 Passwall                 Tmut/Erth      51%        N/A       1%          2
 Poisonous Vapours        Pois/Air       100%       N/A       1%          2
 Searing Ray              Conj           100%       2d8       1%          2
 Static Discharge         Conj/Air       62%        N/A       1%          2
 Sublimation of Blood     Necr           62%        N/A       1%          2
 Wereblood                Tmut           62%        N/A       1%          2
 Conjure Flame            Conj/Fire      62%        6-21      1%          3
 Frozen Ramparts          Ice            100%       1d12      1%          3
 Gell's Gravitas          Tloc           62%        N/A       1%          3
 Ignite Poison            Fire/Tmut/Pois 62%        N/A       1%          3
 Inner Flame              Hex/Fire       62%        N/A       1%          3
 Lesser Beckoning         Tloc           62%        N/A       1%          3
 Mephitic Cloud           Conj/Pois/Air  62%        N/A       1%          3
 Spider Form              Tmut/Pois      62%        N/A       1%          3
 Stone Arrow              Conj/Erth      100%       3d13      1%          3
 Teleport Other           Tloc           62%        N/A       1%          3
 Airstrike                Air            31%        N/A       2%          4
 Cause Fear               Hex            31%        N/A       2%          4
 Fulminant Prism          Conj/Hex       31%        3d16      2%          4
 Hailstorm                Conj/Ice       62%        3d13      2%          4
 Ice Form                 Ice/Tmut       62%        N/A       2%          4
 Iskenderun's Mystic Bla  Conj/Tloc      62%        2d13      2%          4
 Leda's Liquefaction      Hex/Erth       31%        N/A       2%          4
 Olgreb's Toxic Radiance  Pois           62%        N/A       2%          4
 Petrify                  Tmut/Erth      62%        N/A       2%          4
 Sticky Flame             Conj/Fire      62%        2d8       2%          4
 Agony                    Necr           62%        N/A       6%          5
 Alistair's Intoxication  Tmut/Pois      41%        N/A       6%          5
 Blade Hands              Tmut           31%        N/A       6%          5
 Borgnjor's Vile Clutch   Necr/Erth      31%        N/A       6%          5
 Excruciating Wounds      Necr           31%        N/A       6%          5
 Fireball                 Conj/Fire      31%        3d13      6%          5
 Freezing Cloud           Conj/Ice/Air   31%        6-21      6%          5
 Irradiate                Conj/Tmut      31%        3d23      6%          5
 Iskenderun's Battlesphe  Conj           62%        2d11      6%          5
 Lee's Rapid Deconstruct  Erth           31%        3d17*     6%          5
 Lightning Bolt           Conj/Air       31%        1d48      6%          5
 Manifold Assault         Tloc           62%        N/A       6%          5
 Metabolic Englaciation   Hex/Ice        31%        N/A       6%          5
 Yara's Violent Unravell  Hex/Tmut       31%        3d13      6%          5
 Conjure Ball Lightning   Conj/Air       31%        3x3d10    28%         6
 Dispersal                Tloc           31%        N/A       28%         6
 Iron Shot                Conj/Erth      31%        9d6       28%         6
 Starburst                Conj/Fire      31%        6d9       28%         6
 Statue Form              Tmut/Erth      41%        N/A       28%         6
 Dragon Form              Tmut           31%        N/A       80%         7
 Enfeeble                 Hex            31%        N/A       80%         7
 Orb of Destruction       Conj           31%        9d12      80%         7
 Ozocubu's Refrigeration  Ice            31%        4d11      80%         7
 Storm Form               Tmut/Air       31%        N/A       80%         7
 Borgnjor's Revivificati  Necr           31%        N/A       100%        8
 Ignition                 Fire           31%        3d10      100%        8
 Lehudib's Crystal Spear  Conj/Erth      31%        10d8      100%        8
 Maxwell's Capacitive Co  Air            31%        ∞         100%        8
 Necromutation            Tmut/Necr      31%        N/A       100%        8
 Chain Lightning          Conj/Air       31%        3d41      100%        9
 Fire Storm               Conj/Fire      31%        8d8       100%        9
 Polar Vortex             Ice            31%        N/A       100%        9
 Shatter                  Erth           31%        3d25*     100%        9
 Animate Skeleton         Necr           Unusable   N/A       N/A         1
 Tukima's Dance           Hex            Unusable   N/A       N/A         3
 Animate Armour           Summ/Erth      Unusable   N/A       N/A         4
 Summon Ice Beast         Ice/Summ       Unusable   N/A       N/A         4
 Summon Lightning Spire   Summ/Air       Unusable   N/A       N/A         4
 Summon Forest            Summ/Tloc      Unusable   N/A       N/A         5
 Summon Mana Viper        Hex/Summ       Unusable   N/A       N/A         5
 Summon Cactus Giant      Summ           Unusable   N/A       N/A         6
 Death Channel            Necr           Unusable   N/A       N/A         6
 Simulacrum               Ice/Necr       Unusable   N/A       N/A         6
 Monstrous Menagerie      Summ           Unusable   N/A       N/A         7
 Summon Hydra             Summ           Unusable   N/A       N/A         7
 Haunt                    Necr/Summ      Unusable   N/A       N/A         7
 Infestation              Necr           Unusable   N/A       N/A         8

Dungeon Overview and Level Annotations

Branches:
Dungeon (15/15)            Temple (1/1) D:4            Lair (6/6) D:9
 Shoals (4/4) Lair:4       Spider (4/4) Lair:4        Slime (0/5) Lair:6
    Orc (2/2) D:12            Elf (3/3) Orc:2        Vaults (5/5) D:13
  Crypt (0/3) Vaults:3     Depths (4/4) D:15            Zot (0/5) Depths:4
  IceCv (visited)          WizLab (visited)

Altars:
Ashenzari
Cheibriados
Dithmenos
Elyvilon
Fedhas
Gozag
Hepliaklqana
Kikubaaqudgha
Makhleb
Nemelex Xobeh
Okawaru
Qazlal
Ru
Sif Muna
Trog
Uskayaw
Vehumet
Wu Jian
Xom
Yredelemnul
Zin
The Shining One
Beogh
Jiyva

Shops:
D:1 !   D:4 (   D:9 *   D:14 [   Orc:2 ***?   Elf:1 *[   Vaults:1 (
Vaults:2 *   Vaults:3 [   Depths:3 ?[*

Portals:
Hell: Depths:1 Depths:2 Depths:3 Depths:4
Abyss: Depths:2 Depths:3
Pandemonium: Depths:2
Ziggurat: Depths:1

Annotations:
Elf:3 Ischegume's ghost, veteran HOFi


Innate Abilities, Weirdness & Mutations

You have very sharp teeth.
Your uncanny sense of smell can sniff out nearby items.
Your experience applies equally to all skills.
You are strong-willed. (Will+)
Your spells are a little harder to cast, but a little more powerful.


Message History

Your +9 long sword of holy wrath softly glows with a divine radiance!
P - a +9 long sword of holy wrath (weapon)
The soul eater closely misses you.
You hit Mojieg but do no damage.
Mojieg is lightly wounded.
Mojieg tramples you!!
* * * LOW HITPOINT WARNING * * *
You hold your ground!
Unknown command.
You feel better. Mojieg tramples you but does no damage.
You hit Mojieg but do no damage. You bite Mojieg, but do no damage.
Mojieg is lightly wounded.
You hit Mojieg but do no damage.
Mojieg is lightly wounded.
Mojieg tramples you but does no damage.
You slash Mojieg!
Mojieg convulses!
Mojieg is lightly wounded.
You hit Mojieg but do no damage. You punch Mojieg, but do no damage.
Your bite misses Mojieg.
Mojieg is lightly wounded.
Mojieg tramples you.
* * * LOW HITPOINT WARNING * * *
You hold your ground!
The Hell Sentinel barely misses you. x2
You feel better. Mojieg tramples you but does no damage.
Your extra speed is starting to run out.
Mojieg gestures at you.
Mojieg blinks!
The Hell Sentinel gestures at you. The iron shot hits you!!
* * * LOW HITPOINT WARNING * * *
The Hell Sentinel gestures at you.
The sphere of damnation explodes!
The damnation engulfs you!!
* * * LOW HITPOINT WARNING * * *
The smoke demon roars!
You hear a chilling moan.
Unknown command.
You feel yourself slow down. Mojieg completely misses you.
The smoke demon gestures at you. Something smites you!
You die...

..#.#...##..#
#....(.#
...#.#...##..#
#......#
#.#..#..###......##
#.'..3.............
#.#.#..............
# #...###........
#.#..##........ {
#&#...#..##.... ∆ ∆
#@#{#.#..# ...
#.#...#.3# ..
+.#.{##..#
#........# ∆ ∆
#....3...#
#.....###..# #..#..
#..# .......# #..#
....... #..#


You could see Mojieg and a smoke demon.

Vanquished Creatures
  2 dread liches (Vaults:5)
  A juggernaut (Depths:2)
  Xtahua (Vaults:3)
  3 caustic shrikes (Depths:4)
  5 golden dragons
  2 bone dragons (Depths:4)
  the Enchantress (D:15)
  A tentacled monstrosity (Vaults:5)
  3 liches
  4 titans
  2 deep elf master archers (Elf:3)
  3 deep elf blademasters (Elf:3)
  A sphinx (shapeshifter) (Vaults:5)
  4 ancient champions (WizLab)
  5 Executioners (Pan)
  9 sphinxes
  A kraken (Shoals:3)
  3 tengu reavers
  6 storm dragons
  2 revenants (WizLab)
  2 draconian monks (Depths:4)
  Donald (Spider:1)
  10 shadow dragons
  Roxanne (D:15)
  9 fire giants
  11 frost giants
  6 emperor scorpions
  2 ghost moths (Spider:1)
  8 deep elf sorcerers
  3 iron dragons (Vaults:5)
  15 vault wardens
  5 spectral caustic shrikes (Depths:2)
  A balrug (Depths:4)
  8 deep elf elementalists
  An orc warlord (Vaults:3)
  6 war gargoyles
  5 spriggan defenders
  13 ironbound preservers
  15 stone giants
  12 ironbound thunderhulks
  31 very ugly things
  2 broodmothers
  A juggernaut skeleton (Depths:3)
  A vampire knight (Depths:3)
  A black draconian (Depths:4)
  9 deep elf demonologists
  6 deep elf annihilators (Elf:3)
  2 red draconians (Depths:4)
  2 white draconians (Depths:4)
  A yellow draconian (Depths:4)
  14 dire elephants
  3 entropy weavers
  2 spectral titans (WizLab)
  A purple draconian (Depths:4)
  A green draconian (Depths:4)
  5 halazid warlocks (WizLab)
  8 spark wasps
  2 eidola (WizLab)
  6 crystal guardians
  5 deep elf death magi
  A merfolk javelineer (Shoals:3)
  8 merfolk impalers
  3 jiangshi (WizLab)
  9 deep elf high priests
  6 fire dragons
  A quicksilver dragon zombie (WizLab)
  9 ettins
  16 yaktaur captains
  6 great orbs of eyes
  A jorogumo (Spider:1)
  The ghost of Adrian566 the Spear-Bearer, a journeyman DrFi of the Shining One (Orc:2)
  2 rakshasas
  Erolcha (D:11)
  7 ice dragons
  33 vault guards
  A hell beast (Pan)
  The ghost of Xoixt the Carver, a journeyman DsFi of Okawaru (D:11)
  An ogre mage (Vaults:5)
  7 boulder beetles
  9 hydras
  Harold (D:11)
  6 catoblepae
  2 peacekeepers
  2 radroaches
  4 merfolk avatars
  4 spriggan air magi
  Erica (D:10)
  7 ironbound frosthearts
  An alligator snapping turtle (Shoals:4)
  4 merfolk aquamancers (Shoals:4)
  2 death knights
  5 satyrs
  11 death yaks
  2 deep troll shamans
  18 centaur warriors
  8 two-headed ogres
  The ghost of SkeletonJelly the Geomancer, a novice DrMo of Sif Muna (D:9)
  4 death scarabs (Spider:4)
  4 spriggan berserkers
  4 deep troll earth magi
  4 tengu warriors
  3 titan zombies
  34 dancing weapons
  4 vampire magi
  2 orc high priests
  3 sun demons
  A spectral emperor scorpion (Spider:4)
  Nergalle (D:12)
  26 deep elf knights
  3 pharaoh ants
  7 iron trolls
  A hell knight (Depths:1)
  2 spectral spark wasps (WizLab)
  4 steelbarb worms
  8 spriggans
  A spark wasp zombie (WizLab)
  A storm dragon skeleton (Depths:3)
  A sun moth (Spider:3)
  13 skeletal warriors
  A bog body (IceCv)
  A shadow wraith (WizLab)
  9 orb spiders
  32 deep trolls
  2 flayed ghosts
  A glowing orange brain (Vaults:4)
  A glowing orange brain (shapeshifter) (D:14)
  An orange crystal statue (Elf:2)
  7 sea snakes
  An obsidian statue (D:13)
  8 ironbound convokers
  19 harpies
  10 lindwurms
  14 deep elf archers
  9 spectral wolf spiders
  29 deep elf pyromancers
  15 phantasmal warriors
  7 wolf spider zombies
  A sphinx zombie (Depths:3)
  An oklob plant (Lair:3)
  A harpy (shapeshifter) (D:15)
  18 wizards
  4 necromancers
  A golden dragon skeleton (Depths:3)
  25 wolf spiders
  30 deep elf zephyrmancers
  8 orc knights
  A frost giant zombie (Depths:3)
  2 tengu skeletons (Depths:3)
  14 fauns
  5 orc sorcerers
  70 ugly things
  17 manticores
  2 ice statues (IceCv)
  5 moths of wrath
  8 cyclopes
  4 elephants (Lair:5)
  A salamander (Depths:2)
  A fire giant skeleton (Depths:3)
  19 vault sentinels
  3 centaur zombies
  3 merfolk sirens
  2 gargoyles
  2 torpor snails
  3 black mambas
  A molten gargoyle (D:14)
  7 water nymphs
  Maggie (D:6)
  A cane toad (shapeshifter) (D:14)
  18 cane toads
  9 rime drakes
  A komodo dragon (shapeshifter) (Depths:1)
  7 demonic crawlers
  3 spectral redbacks (Spider:4)
  An anaconda simulacrum (IceCv)
  A redback zombie (Spider:4)
  6 komodo dragons
  3 kobold demonologists (D:13)
  4 freezing wraiths
  7 ice devils (IceCv)
  40 yaktaurs
  An entropy weaver simulacrum (IceCv)
  A tengu conjurer (D:15)
  A troll (shapeshifter) (Vaults:5)
  3 polar bears
  A polar bear (shapeshifter) (D:9)
  29 merfolk
  9 meliai
  8 wind drakes
  2 wolf spider simulacra (Spider:2)
  3 spectral tarantellas (Spider:4)
  10 trolls
  25 hornets
  12 snapping turtles
  18 tarantellas
  16 blink frogs
  A jumping spider zombie (Spider:4)
  2 spectral jumping spiders (Spider:4)
  2 tarantella zombies (Spider:4)
  A dream sheep (shapeshifter) (Vaults:5)
  14 slime creatures
  10 dream sheep
  37 jumping spiders
  21 culicivoras
  7 flying skulls (WizLab)
  A ynoxinul (D:12)
  Sigmund (D:3)
  7 fire elementals
  2 wraiths
  2 shadows
  7 wyverns
  50 yaks
  10 air elementals
  A centaur simulacrum (D:15)
  A human (shapeshifter) (Vaults:5)
  29 water elementals
  18 humans (D:13)
  3 dire elephant simulacra (IceCv)
  A chaos spawn (Pan)
  4 basilisks
  A redback (shapeshifter) (D:15)
  A neqoxec (Depths:2)
  5 vampire mosquitoes
  5 harpy simulacra (IceCv)
  62 redbacks
  4 wargs
  4 swamp worms (Lair:5)
  3 acid dragons
  A spectral hornet (Spider:4)
  13 water moccasins
  7 hydra simulacra (Depths:2)
  48 orc warriors
  2 sky beasts
  6 black bears
  6 ogres
  8 centaurs
  15 wolves
  2 phantoms
  4 kobold brigands
  19 bullfrogs
  3 earth elementals
  A gnoll sergeant (D:12)
  5 scorpions
  A water moccasin zombie (D:6)
  2 wyvern zombies (D:8)
  A wyvern skeleton (D:6)
  11 howler monkeys
  9 wights
  3 lava snakes (D:14)
  A bullfrog zombie (D:6)
  6 hounds
  27 orc priests
  A centaur skeleton (D:4)
  A jelly (D:5)
  A bullfrog skeleton (D:6)
  4 iguanas
  24 orc wizards
  A scorpion zombie (D:4)
  A troll simulacrum (IceCv)
  A polar bear simulacrum (IceCv)
  A hound skeleton (D:5)
  5 gnolls (D:12)
  4 adders
  2 shadow imps
  4 white imps
  2 ufetubi
  A worm (shapeshifter) (Depths:3)
  2 worms (D:2)
  5 dart slugs
  44 orcs
  4 ball pythons
  10 endoplasms
  7 giant cockroaches
  8 hobgoblins
  3 jackals (D:2)
  5 quokkas
  3 bats (D:1)
  4 frilled lizards
  4 goblins
  25 kobolds
  6 rats
  8 briar patches (Lair:5)
  A fire vortex (D:14)
  2 tentacles (Shoals:3)
2008 creatures vanquished.

Vanquished Creatures (others)
  A fire giant (Depths:2)
  3 deep elf knights
  A deep elf zephyrmancer (Elf:3)
  A flying skull (WizLab)
  2 kobolds
  A briar patch (Lair:5)
  10 foxfires (IceCv)
  11 fungi
  106 plants
  5 tentacles (Shoals:3)
141 creatures vanquished.

Grand Total: 2149 creatures vanquished

Notes
Turn   | Place    | Note
-------+----------+-------------------------------------------
     0 | D:1      | karrick the Gnoll Fighter began the quest for the Orb.
     0 | D:1      | Reached XP level 1. HP: 23/23 MP: 1/1
    49 | D:1      | Found a faded altar of an unknown god.
    54 | D:1      | Reached XP level 2. HP: 27/29 MP: 2/2
    87 | D:1      | Found Sirphaycs's Distillery.
   391 | D:1      | Reached XP level 3. HP: 33/35 MP: 3/3
   709 | D:2      | Reached skill level 1 in Invocations
   897 | D:2      | Reached skill level 1 in Short Blades
   897 | D:2      | Reached skill level 1 in Axes
   897 | D:2      | Reached skill level 1 in Maces & Flails
   897 | D:2      | Reached skill level 1 in Polearms
   897 | D:2      | Reached skill level 1 in Staves
   897 | D:2      | Reached skill level 1 in Slings
   897 | D:2      | Reached skill level 1 in Bows
   897 | D:2      | Reached skill level 1 in Crossbows
   897 | D:2      | Reached skill level 1 in Throwing
   897 | D:2      | Reached skill level 1 in Dodging
   897 | D:2      | Reached skill level 1 in Stealth
   897 | D:2      | Reached skill level 1 in Unarmed Combat
   897 | D:2      | Reached skill level 1 in Spellcasting
   897 | D:2      | Reached skill level 1 in Evocations
   965 | D:2      | Reached XP level 4. HP: 40/41 MP: 5/5
  1823 | D:3      | Reached skill level 1 in Conjurations
  1823 | D:3      | Reached skill level 1 in Hexes
  1823 | D:3      | Reached skill level 1 in Summonings
  1823 | D:3      | Reached skill level 1 in Necromancy
  1823 | D:3      | Reached skill level 1 in Translocations
  1823 | D:3      | Reached skill level 1 in Transmutations
  1823 | D:3      | Reached skill level 1 in Fire Magic
  1823 | D:3      | Reached skill level 1 in Ice Magic
  1823 | D:3      | Reached skill level 1 in Air Magic
  1823 | D:3      | Reached skill level 1 in Earth Magic
  1823 | D:3      | Reached skill level 1 in Poison Magic
  1828 | D:3      | Noticed Sigmund
  1839 | D:3      | Killed Sigmund
  1840 | D:3      | Reached XP level 5. HP: 47/47 MP: 5/7
  1840 | D:3      | Reached XP level 6. HP: 53/53 MP: 5/8
  2256 | D:4      | Reached skill level 5 in Long Blades
  2256 | D:4      | Found a staircase to the Ecumenical Temple.
  2519 | Temple   | Entered the Ecumenical Temple
  2899 | Temple   | Became a worshipper of Warmaster Okawaru
  3561 | D:4      | Found Kanoniu's Weapon Shop.
  3571 | D:4      | Reached XP level 7. HP: 59/59 MP: 10/10
  3633 | D:5      | Entered Level 5 of the Dungeon
  3723 | D:5      | Reached skill level 7 in Armour
  3754 | D:6      | Noticed a troll
  4157 | D:5      | Noticed a yak
  4158 | D:5      | Noticed a yak
  4159 | D:5      | Noticed a yak
  4185 | D:4      | Killed a yak
  4396 | D:5      | Identified the +9 dagger of the Warrior {spect, rF+}
  4491 | D:6      | Killed a yak
  4491 | D:6      | Reached * piety under Okawaru
  4492 | D:6      | Reached XP level 8. HP: 67/67 MP: 12/12
  4498 | D:5      | Killed a yak
  5037 | D:6      | Reached ** piety under Okawaru
  5379 | D:6      | Killed a troll
  5388 | D:6      | Reached XP level 9. HP: 31/72 MP: 12/14
  5587 | D:6      | Noticed Maggie
  5665 | D:7      | Noticed a hornet
  5675 | D:7      | Killed a hornet
  6303 | D:7      | Reached *** piety under Okawaru
  6476 | D:8      | Reached skill level 8 in Armour
  6514 | D:8      | Reached skill level 5 in Invocations
  6730 | D:8      | Received a gift from Okawaru
  6734 | D:8      | Reached XP level 10. HP: 64/80 MP: 17/17
  6890 | D:8      | Reached **** piety under Okawaru
  7163 | D:9      | Reached skill level 5 in Short Blades
  7163 | D:9      | Reached skill level 5 in Axes
  7163 | D:9      | Reached skill level 5 in Maces & Flails
  7163 | D:9      | Reached skill level 5 in Polearms
  7163 | D:9      | Reached skill level 5 in Staves
  7163 | D:9      | Reached skill level 5 in Slings
  7163 | D:9      | Reached skill level 5 in Bows
  7163 | D:9      | Reached skill level 5 in Crossbows
  7163 | D:9      | Reached skill level 5 in Throwing
  7163 | D:9      | Reached skill level 5 in Dodging
  7163 | D:9      | Reached skill level 5 in Stealth
  7163 | D:9      | Reached skill level 5 in Unarmed Combat
  7163 | D:9      | Reached skill level 5 in Spellcasting
  7163 | D:9      | Reached skill level 5 in Evocations
  7593 | D:9      | Received a gift from Okawaru
  7707 | D:9      | Noticed a centaur warrior
  7902 | D:9      | Found a runed translucent gate.
  7902 | D:9      | Noticed a gargoyle
  7907 | D:9      | Killed a gargoyle
  7919 | D:9      | Found a runed translucent gate.
  7919 | D:9      | Found a runed translucent gate.
  7919 | D:9      | Noticed a tengu warrior
  7919 | D:9      | Noticed a rakshasa
  8181 | D:6      | Killed Maggie
  8835 | D:9      | Noticed a manticore
  8857 | D:9      | Killed a manticore
  9024 | D:10     | Entered Level 10 of the Dungeon
  9032 | D:10     | Received a gift from Okawaru
  9066 | D:10     | Reached XP level 11. HP: 63/87 MP: 19/19
  9217 | D:10     | Noticed a two-headed ogre
  9241 | D:10     | Killed a two-headed ogre
  9241 | D:10     | Reached ***** piety under Okawaru
  9242 | D:10     | Reached skill level 9 in Armour
  9289 | D:10     | Received a gift from Okawaru
  9290 | D:10     | Reached skill level 5 in Conjurations
  9290 | D:10     | Reached skill level 5 in Hexes
  9290 | D:10     | Reached skill level 5 in Summonings
  9290 | D:10     | Reached skill level 5 in Necromancy
  9290 | D:10     | Reached skill level 5 in Translocations
  9290 | D:10     | Reached skill level 5 in Transmutations
  9290 | D:10     | Reached skill level 5 in Fire Magic
  9290 | D:10     | Reached skill level 5 in Ice Magic
  9290 | D:10     | Reached skill level 5 in Air Magic
  9290 | D:10     | Reached skill level 5 in Earth Magic
  9290 | D:10     | Reached skill level 5 in Poison Magic
  9442 | D:10     | Noticed Erica
  9449 | D:10     | Gained mutation: You are strong-willed. (Will+) [potion of
                  | mutation]
  9449 | D:10     | Gained mutation: Your mind is acute. (Int +2) [potion of
                  | mutation]
  9459 | D:10     | Killed Erica
  9588 | D:10     | You fall into a shaft and drop 3 floors!
  9595 | D:13     | Noticed an obsidian statue
  9647 | D:13     | Found a frozen archway.
  9659 | IceCv    | Entered an ice cave
  9685 | IceCv    | Learned a level 1 spell: Foxfire
  9783 | IceCv    | Received a gift from Okawaru
 11003 | IceCv    | Received a gift from Okawaru
 11386 | IceCv    | Identified the +10 great mace of Ytekh {freeze, +Blink rF-
                  | Will+} (Okawaru gifted it to you in an ice cave)
 11386 | IceCv    | Received a gift from Okawaru
 11387 | IceCv    | Reached XP level 12. HP: 59/96 MP: 20/22
 11743 | D:13     | Noticed a two-headed ogre
 11772 | D:14     | Noticed a centaur warrior
 11775 | D:14     | Killed a centaur warrior
 11798 | D:14     | Noticed a seven-headed hydra
 11844 | D:14     | Killed a seven-headed hydra
 11876 | D:14     | Noticed a centaur warrior
 11893 | D:14     | Killed a centaur warrior
 12146 | D:14     | Noticed a centaur warrior
 12149 | D:14     | Killed a centaur warrior
 12340 | D:13     | Noticed a sun demon
 12489 | D:11     | Received a gift from Okawaru
 12627 | D:11     | Noticed a two-headed ogre
 12629 | D:11     | Noticed Harold
 12635 | D:11     | Killed a two-headed ogre
 12636 | D:11     | Reached skill level 10 in Fighting
 12636 | D:11     | Reached skill level 10 in Armour
 12636 | D:11     | Reached skill level 10 in Shields
 12645 | D:11     | Killed Harold
 12679 | D:11     | Noticed a boulder beetle
 12709 | D:12     | Noticed a two-headed ogre
 12725 | D:12     | Killed a two-headed ogre
 12730 | D:12     | Found a runed translucent door.
 12730 | D:12     | Noticed Xoixt's ghost (journeyman DsFi)
 12817 | D:12     | Noticed a two-headed ogre
 12828 | D:12     | Killed a two-headed ogre
 12839 | D:12     | Noticed Nergalle
 12851 | D:12     | Killed Nergalle
 12851 | D:12     | Received a gift from Okawaru
 13398 | D:11     | Killed a boulder beetle
 13596 | D:11     | Noticed Erolcha
 13602 | D:11     | Noticed a boulder beetle
 13629 | D:11     | Killed Erolcha
 13630 | D:11     | Reached XP level 13. HP: 62/103 MP: 24/24
 14201 | D:10     | Got the Handbook of Destructive Execration
 14317 | D:10     | Identified the +5 chain mail "Damoic" {Str+4 Stlth-}
                  | (Okawaru gifted it to you on level 10 of the Dungeon)
 14317 | D:10     | Received a gift from Okawaru
 14567 | D:10     | Found a sparkling altar of Nemelex Xobeh.
 14926 | D:9      | Found a staircase to the Lair.
 15479 | D:12     | Found a staircase to the Orcish Mines.
 15785 | Lair:1   | Entered Level 1 of the Lair of Beasts
 17527 | Lair:2   | Reached skill level 11 in Armour
 18366 | Lair:3   | Received a gift from Okawaru
 18473 | Lair:3   | Reached ****** piety under Okawaru
 18948 | Lair:4   | Received a gift from Okawaru
 19215 | Lair:4   | Identified the amulet of Biqe {Spirit Rampage Str-2 Dex+4}
 19326 | Lair:4   | Identified the +0 scale mail of the Zebra {rPois Int+6}
                  | (Okawaru gifted it to you on level 4 of the Lair of Beasts)
 19326 | Lair:4   | Received a gift from Okawaru
 19688 | Lair:5   | Reached skill level 10 in Long Blades
 19688 | Lair:5   | Reached XP level 14. HP: 103/113 MP: 26/26
 20263 | Lair:5   | Found a transporter.
 20629 | Lair:5   | Found a transporter.
 20901 | Lair:6   | Entered Level 6 of the Lair of Beasts
 20915 | Lair:6   | Reached skill level 12 in Armour
 20915 | Lair:6   | Reached skill level 10 in Invocations
 21342 | Lair:5   | Identified the -1 pair of gloves of Izxa {rElec Str+6}
                  | (Okawaru gifted it to you on level 5 of the Lair of Beasts)
 21342 | Lair:5   | Received a gift from Okawaru
 21453 | Lair:4   | Found a staircase to the Shoals.
 21727 | Lair:4   | Found a hole to the Spider Nest.
 22486 | Spider:1 | Entered Level 1 of the Spider Nest
 22486 | Spider:1 | Noticed a ghost moth
 23698 | Lair:6   | Reached XP level 15. HP: 120/120 MP: 28/28
 23774 | Lair:6   | Found a viscous altar of Jiyva.
 23775 | Lair:6   | Found a staircase to the Slime Pits.
 24005 | Lair:6   | Received a gift from Okawaru
 24520 | Lair:4   | Reached skill level 13 in Armour
 24786 | Lair:3   | Received a gift from Okawaru
 25255 | D:9      | Reached skill level 10 in Short Blades
 25255 | D:9      | Reached skill level 10 in Axes
 25255 | D:9      | Reached skill level 10 in Maces & Flails
 25255 | D:9      | Reached skill level 10 in Polearms
 25255 | D:9      | Reached skill level 10 in Staves
 25255 | D:9      | Reached skill level 10 in Slings
 25255 | D:9      | Reached skill level 10 in Bows
 25255 | D:9      | Reached skill level 10 in Crossbows
 25255 | D:9      | Reached skill level 10 in Throwing
 25255 | D:9      | Reached skill level 10 in Dodging
 25255 | D:9      | Reached skill level 10 in Stealth
 25255 | D:9      | Reached skill level 10 in Unarmed Combat
 25255 | D:9      | Reached skill level 10 in Spellcasting
 25255 | D:9      | Reached skill level 10 in Evocations
 25377 | D:9      | Received a gift from Okawaru
 25497 | D:9      | Noticed SkeletonJelly's ghost (novice DrMo)
 25499 | D:9      | Found a snail-covered altar of Cheibriados.
 25500 | D:9      | Found a burning altar of Makhleb.
 25503 | D:9      | Found an opulent altar of Gozag.
 25506 | D:9      | Found Lok Ukh's Assorted Antiques.
 25526 | D:9      | Found a white marble altar of Elyvilon.
 25528 | D:9      | Found a bloodstained altar of Trog.
 25641 | Orc:1    | Entered Level 1 of the Orcish Mines
 25922 | Orc:2    | Entered Level 2 of the Orcish Mines
 26068 | Orc:2    | Found a runed translucent gate.
 26070 | Orc:2    | Found a runed translucent gate.
 26071 | Orc:2    | Found a runed translucent gate.
 26072 | Orc:2    | Noticed Adrian566's ghost (journeyman DrFi)
 26898 | Orc:2    | Received a gift from Okawaru
 27135 | Orc:2    | Found Buisk's Assorted Antiques.
 27136 | Orc:2    | Found Hona's Assorted Antiques.
 27139 | Orc:2    | Found Sematuw's Magic Scroll Shoppe.
 27139 | Orc:2    | Found Telusosa's General Store.
 27158 | Orc:2    | Bought a sedimented silvery potion for 23 gold pieces
 27161 | Orc:2    | Bought an orange potion for 25 gold pieces
 27196 | Orc:2    | Received a gift from Okawaru
 27654 | Orc:2    | Found a staircase to the Elven Halls.
 28301 | D:13     | Found the +7 pair of quick blades "Gyre" and "Gimble"
                  | {protect}
 28477 | D:13     | Received a gift from Okawaru
 28783 | D:13     | Identified the +5 chain mail of the Fife {rElec rC+ Str-5
                  | Dex+5} (Okawaru gifted it to you on level 13 of the
                  | Dungeon)
 28783 | D:13     | Received a gift from Okawaru
 28925 | D:13     | Found a gate to the Vaults.
 29865 | D:14     | Learned a level 4 spell: Flame Wave
 29956 | D:15     | Entered Level 15 of the Dungeon
 30084 | D:15     | Reached XP level 16. HP: 79/128 MP: 19/30
 30241 | D:15     | Identified Roxanne's Guide on Shape Shifting
 30241 | D:15     | Noticed Roxanne
 30268 | D:15     | Found a glowing golden altar of the Shining One.
 30331 | D:15     | Reached skill level 14 in Armour
 30452 | D:15     | Found a staircase to the Depths.
 31483 | D:14     | Found Vefip's Antique Armour Shoppe.
 33023 | D:9      | Killed SkeletonJelly's ghost
 33207 | D:9      | Bought a scroll labelled GAICLO POECUGI for 30 gold pieces
 33207 | D:9      | Bought 3 bubbling yellow potions for 81 gold pieces
 33316 | D:11     | Killed Xoixt's ghost
 33406 | D:12     | Got the Catalogue of Earth
 33589 | Shoals:1 | Entered Level 1 of the Shoals
 33596 | Lair:4   | Received a gift from Okawaru
 34619 | Shoals:1 | Learned a level 3 spell: Dazzling Flash
 35225 | Shoals:4 | Entered Level 4 of the Shoals
 35502 | Shoals:4 | Found a blossoming altar of Fedhas.
 36291 | Shoals:4 | Paralysed by an air elemental for 1 turns
 36565 | Shoals:4 | Paralysed by an air elemental for 1 turns
 36608 | Shoals:4 | Received a gift from Okawaru
 36762 | Shoals:4 | Reached skill level 15 in Armour
 36806 | Shoals:4 | Received a gift from Okawaru
 37167 | Shoals:4 | Reached XP level 17. HP: 114/136 MP: 28/32
 37622 | Shoals:4 | Received a gift from Okawaru
 37626 | Shoals:4 | Identified the ring "Jeitid" {Contam rPois rC+++ Int+6
                  | SInv}
 37688 | Shoals:4 | Learned a level 4 spell: Passage of Golubria
 38321 | Shoals:4 | Identified the +8 broad axe "Girhu" {vorpal, Stlth+}
 38324 | Shoals:4 | Got a barnacled rune of Zot
 38495 | Shoals:3 | Received a gift from Okawaru
 38886 | Shoals:3 | Identified the +3 flail of Paiwyshu {antimagic, rElec}
 40895 | Shoals:2 | Identified the +2 chain mail "Etilin" {Str+4 Stlth+}
                  | (Okawaru gifted it to you on level 2 of the Shoals)
 40895 | Shoals:2 | Received a gift from Okawaru
 41564 | Elf:1    | Entered Level 1 of the Elven Halls
 41602 | Elf:1    | Found Qefec's Overcharged Wands.
 41651 | Elf:1    | Reached skill level 10 in Conjurations
 41651 | Elf:1    | Reached skill level 10 in Hexes
 41651 | Elf:1    | Reached skill level 10 in Summonings
 41651 | Elf:1    | Reached skill level 10 in Necromancy
 41651 | Elf:1    | Reached skill level 10 in Translocations
 41651 | Elf:1    | Reached skill level 10 in Transmutations
 41651 | Elf:1    | Reached skill level 10 in Fire Magic
 41651 | Elf:1    | Reached skill level 10 in Ice Magic
 41651 | Elf:1    | Reached skill level 10 in Air Magic
 41651 | Elf:1    | Reached skill level 10 in Earth Magic
 41651 | Elf:1    | Reached skill level 10 in Poison Magic
 42419 | Elf:1    | Found Zushrukipp's Antique Armour Shop.
 42446 | Elf:1    | Got the Guide on Earthen Transmutation
 42606 | Elf:1    | Reached skill level 16 in Armour
 42816 | Elf:1    | Identified 2 scrolls of acquirement
 43142 | Elf:1    | Upgraded the game from 0.28-a0-1356-g2ad6d04315 to
                  | 0.28-a0-1374-ga75cb3825e
 43727 | Elf:2    | Reached XP level 18. HP: 91/144 MP: 20/34
 43910 | Elf:2    | Paralysed by an air elemental for 1 turns
 44450 | Elf:2    | Received a gift from Okawaru
 44474 | Elf:2    | Found a runed translucent gate.
 44479 | Elf:2    | Found a runed translucent gate.
 44479 | Elf:2    | Found a runed translucent gate.
 45814 | Elf:3    | Entered Level 3 of the Elven Halls
 45903 | Elf:3    | Found a magical portal.
 45986 | WizLab   | Entered Borgnjor's Mausoleum
 45994 | WizLab   | Acquired the +8 broad axe "Koebroc" {antimagic, *Noise
                  | rPois rN+++ Dex+4}
 47404 | WizLab   | Received a gift from Okawaru
 47768 | WizLab   | Reached skill level 17 in Armour
 48581 | WizLab   | Received a gift from Okawaru
 48896 | WizLab   | Reached XP level 19. HP: 117/132 MP: 33/35
 49833 | WizLab   | Learned a level 4 spell: Dispel Undead
 50369 | WizLab   | Got Ereshkigal's Compendium of Necromancy
 50371 | WizLab   | Got Borgnjor's Compendium of Black Arts
 50860 | Elf:3    | Noticed Ischegume's ghost (veteran HOFi)
 50862 | Elf:3    | Found a transporter.
 50863 | Elf:3    | Found a bloodstained altar of Trog.
 50870 | Elf:3    | Identified the ring "Kiexu" {rF+ Slay+4}
 50876 | Elf:3    | Found a transporter.
 51040 | Elf:3    | Received a gift from Okawaru
 51323 | Elf:3    | Received a gift from Okawaru
 52302 | D:14     | Bought the +2 hood of the Assassin {Detection Stab+
                  | Stlth++} for 2160 gold pieces
 52302 | D:14     | Found the +2 hood of the Assassin {Detection Stab+ Stlth++}
 52428 | D:15     | Killed Roxanne
 53496 | Vaults:1 | Entered Level 1 of the Vaults
 54400 | Vaults:1 | Found Enirph's Antique Weapon Shoppe.
 55033 | Vaults:1 | Received a gift from Okawaru
 55792 | Vaults:2 | Identified the ring "Sale" {rElec rPois rF+ rC- Int+6}
 55867 | Vaults:2 | Reached skill level 18 in Armour
 56002 | Vaults:2 | Found Ylistrof's Assorted Antiques.
 56025 | Vaults:2 | Bought a scroll of teleportation for 114 gold pieces
 56311 | Vaults:2 | Reached XP level 20. HP: 124/161 MP: 28/37
 56855 | Vaults:2 | Reached skill level 15 in Fighting
 56855 | Vaults:2 | Reached skill level 15 in Shields
 57960 | Vaults:3 | Received a gift from Okawaru
 58532 | Vaults:3 | Identified the +2 dagger of the Twisting Visionary {freeze,
                  | Dex+6}
 58660 | Vaults:3 | Reached skill level 15 in Invocations
 59055 | Shoals:3 | Learned a level 5 spell: Silence
 59112 | Shoals:3 | Received a gift from Okawaru
 60384 | Spider:1 | Noticed Donald
 60404 | Spider:1 | Killed Donald
 61261 | Spider:1 | Learned a level 2 spell: Blink
 62497 | Spider:2 | Reached XP level 21. HP: 169/169 MP: 39/39
 62566 | Spider:2 | Reached skill level 19 in Armour
 62699 | Spider:2 | Received a gift from Okawaru
 63971 | Spider:3 | Received a gift from Okawaru
 64368 | Spider:3 | Identified the +10 dagger "Retyetz" {pain, Contam Int+8}
 64588 | Spider:4 | Entered Level 4 of the Spider Nest
 64624 | Spider:3 | Received a gift from Okawaru
 64625 | Spider:3 | Reached skill level 15 in Long Blades
 66297 | Spider:4 | Received a gift from Okawaru
 66603 | Lair:5   | Identified the +1 cloak of Jigsaw {Fly rN+++ Int-5 Dex+3}
 67287 | Orc:2    | Killed Adrian566's ghost
 67446 | Elf:1    | Received a gift from Okawaru
 68184 | Elf:3    | Paralysed by an air elemental for 1 turns
 68277 | Elf:3    | Reached XP level 22. HP: 81/178 MP: 11/40
 68400 | Elf:3    | Identified the +7 quarterstaff of Integrity {protect,
                  | Dex+3}
 69087 | Elf:3    | Reached skill level 20 in Armour
 69093 | Elf:3    | Identified the +0 kite shield of Muttered Phrases {Drain
                  | +Inv rPois Stlth+}
 69209 | Elf:3    | Identified the +5 battleaxe "Nup Urub" {vorpal, Str+3 Int-4
                  | Dex+2 SInv}
 69279 | Elf:3    | Identified the +2 pair of boots of Patience {rF+}
 69783 | Vaults:3 | Found Posoma's Antique Armour Emporium.
 69902 | Vaults:3 | Identified the +7 hunting sling of the Ship {vorpal, Fly
                  | rC+ MP+9 Dex+3}
 70216 | Vaults:3 | Reached skill level 15 in Short Blades
 70216 | Vaults:3 | Reached skill level 15 in Axes
 70216 | Vaults:3 | Reached skill level 15 in Maces & Flails
 70216 | Vaults:3 | Reached skill level 15 in Polearms
 70216 | Vaults:3 | Reached skill level 15 in Staves
 70216 | Vaults:3 | Reached skill level 15 in Slings
 70216 | Vaults:3 | Reached skill level 15 in Bows
 70216 | Vaults:3 | Reached skill level 15 in Crossbows
 70216 | Vaults:3 | Reached skill level 15 in Throwing
 70216 | Vaults:3 | Reached skill level 15 in Dodging
 70216 | Vaults:3 | Reached skill level 15 in Stealth
 70216 | Vaults:3 | Reached skill level 15 in Unarmed Combat
 70216 | Vaults:3 | Reached skill level 15 in Spellcasting
 70216 | Vaults:3 | Reached skill level 15 in Evocations
 70648 | Vaults:3 | Noticed Xtahua
 70890 | Vaults:3 | Received a gift from Okawaru
 71303 | Depths:1 | Entered Level 1 of the Depths
 71305 | Depths:1 | Received a gift from Okawaru
 71317 | Depths:1 | Noticed the Enchantress
 71355 | D:15     | Killed the Enchantress
 71920 | Depths:1 | Acquired a manual of Staves
 71924 | Depths:1 | Acquired the +10 gold dragon scales of Classification
                  | {-Tele rPois rF+ rC+ Str+2 Dex+3}
 71927 | Depths:1 | Acquired the amulet of Bojemom {Faith Contam rN+++ Will-
                  | Str+4}
 72120 | Depths:1 | Found a gateway to Hell.
 72123 | Depths:1 | Noticed a golden dragon
 72352 | Depths:1 | Received a gift from Okawaru
 72557 | Depths:1 | Found a one-way gateway to a ziggurat.
 72727 | Depths:2 | Found a one-way gate to the infinite horrors of the Abyss.
 72800 | Depths:2 | Received a gift from Okawaru
 72946 | Depths:2 | Found a one-way gate leading to the halls of Pandemonium.
 72947 | Depths:2 | Gained mutation: Armour fits poorly on your strangely
                  | shaped body. [a neqoxec]
 72958 | Depths:2 | Lost mutation: Your mind is acute. (Int +2) [potion of
                  | mutation]
 72958 | Depths:2 | Lost mutation: Armour fits poorly on your strangely shaped
                  | body. [potion of mutation]
 72958 | Depths:2 | Gained mutation: Your spells are a little harder to cast,
                  | but a little more powerful. [potion of mutation]
 73324 | Depths:2 | Received a gift from Okawaru
 73406 | Depths:2 | Found a sacrificial altar of Ru.
 73745 | Depths:2 | Reached XP level 23. HP: 160/186 MP: 36/42
 74024 | Depths:3 | Noticed a golden dragon
 74025 | Depths:3 | Killed a golden dragon
 74026 | Depths:3 | Found Ziprorch's Armour Emporium.
 74194 | Depths:3 | Found Iquo's Magic Scroll Emporium.
 74235 | Depths:3 | Bought a scroll of teleportation for 63 gold pieces
 74235 | Depths:3 | Bought a scroll of enchant weapon for 157 gold pieces
 74235 | Depths:3 | Bought a scroll of enchant weapon for 157 gold pieces
 74235 | Depths:3 | Bought a scroll of teleportation for 63 gold pieces
 74237 | Depths:3 | Bought 2 scrolls of teleportation for 126 gold pieces
 74310 | Depths:3 | Found an opulent altar of Gozag.
 74379 | Depths:3 | Found Fucomong's General Store.
 74386 | Depths:3 | Bought a scroll of teleportation for 57 gold pieces
 74743 | Depths:3 | Reached skill level 21 in Armour
 75481 | Depths:3 | Got the Tome of Earthen Transmigration
 75686 | Depths:4 | Entered Level 4 of the Depths
 75715 | Depths:4 | Paralysed by a vampire knight for 2 turns
 75728 | Depths:3 | Paralysed by a vampire knight for 6 turns
 75778 | Depths:3 | Received a gift from Okawaru
 75854 | Depths:4 | Noticed a caustic shrike
 75857 | Depths:4 | Noticed a caustic shrike
 75863 | Depths:4 | Noticed a caustic shrike
 75871 | Depths:4 | Killed a caustic shrike
 75876 | Depths:4 | Killed a caustic shrike
 75877 | Depths:4 | Killed a caustic shrike
 76794 | Depths:4 | Identified the +11 war axe of Fundamental Breach {vamp,
                  | rPois Int+4}
 77104 | Depths:4 | Noticed a golden dragon
 77127 | Depths:4 | Found a gate to the Realm of Zot.
 77153 | Depths:4 | Killed a golden dragon
 77599 | Depths:2 | Received a gift from Okawaru
 77617 | Depths:2 | Noticed a juggernaut
 77646 | Depths:2 | Killed a juggernaut
 77647 | Depths:2 | Reached XP level 24. HP: 181/195 MP: 40/43
 77664 | Depths:2 | Got the Reference Book on Attacks
 77862 | Depths:1 | Received a gift from Okawaru
 78375 | Vaults:3 | Paralysed by Xtahua for 7 turns
 78393 | Vaults:3 | Killed Xtahua
 78868 | Vaults:3 | Found a staircase to the Crypt.
 79548 | Vaults:4 | Reached skill level 15 in Summonings
 79766 | Vaults:4 | Reached skill level 22 in Armour
 79784 | Vaults:4 | Received a gift from Okawaru
 80131 | Vaults:4 | Received a gift from Okawaru
 80412 | Vaults:4 | Identified the +2 cloak of the Loofah {Dex+3} (Okawaru
                  | gifted it to you on level 4 of the Vaults)
 80412 | Vaults:4 | Received a gift from Okawaru
 80812 | Vaults:5 | Entered Level 5 of the Vaults
 81070 | Vaults:5 | Got a silver rune of Zot
 81208 | Vaults:5 | Reached XP level 25. HP: 203/203 MP: 33/43
 81217 | Vaults:5 | Reached XP level 26. HP: 211/211 MP: 36/43
 81218 | Vaults:5 | Reached XP level 27. HP: 217/217 MP: 36/43
 81348 | Vaults:5 | Identified the +8 rapier "Xuycliud" {vorpal, rC+}
 81380 | Vaults:5 | Identified the +10 mace of Chagrin {vorpal, Stlth+}
 81478 | Vaults:5 | Noticed a dread lich
 81528 | Vaults:5 | Killed a dread lich
 81601 | Vaults:5 | Received a gift from Okawaru
 81680 | Vaults:5 | Received a gift from Okawaru
 81791 | Vaults:5 | Noticed a dread lich
 81810 | Vaults:5 | Killed a dread lich
 81861 | Vaults:5 | Reached skill level 23 in Armour
 82193 | Vaults:5 | Received a gift from Okawaru
 82599 | Vaults:5 | Acquired 775 gold pieces
 82764 | Vaults:5 | Identified the +0 hunting sling of Fimbulwinter {vorpal,
                  | rPois rC- Dex+5}
 83206 | Elf:3    | HP: 9/219 [deep elf blademaster (3)]
 83210 | Elf:3    | HP: 1/219 [deep elf blademaster (27)]
 83693 | Pan      | Entered Pandemonium
 83735 | Pan      | Noticed Mojieg the pandemonium lord
 83817 | Pan      | HP: 7/219 [Hell Sentinel/damnation (17)]
 83821 | Pan      | Killed from afar by a smoke demon

Illustrated notes

Levels and vault maps discovered:
D:1:      wheals_arrival_shading, layout_rooms,
          shapermc_ecumenical_altar_pompeii, serial_shops, shop,
          roderic_roman_lattice
D:2:      layout_basic
D:3:      layout_basic, uniq_sigmund
D:4:      layout_rooms, temple_statues, serial_shops,
          nicolae_shop_bloodbath_and_beyond
D:5:      nicolae_BIG_FREAKIN_CUBE, layout_basic
D:6:      cheibrodos_thug_alley, layout_rooms,
          nicolae_concentric_dashed_squares_wild, minmay_misc_feat_iff,
          roderic_serpentine_path, chequers_serial_rivers_small_3, uniq_maggie
D:7:      layout_cave_pods
D:8:      nicolae_cairo_tiling_large, layout_loops_ring
D:9:      minmay_the_grid_octo_triangle [minmay_the_grid_octo_pinwheel,
          minmay_the_grid_octo_prize_star, minmay_the_grid_octo_shrine],
          layout_irregular_city, ebering_ghost_gozag
D:10:     layout_cave_pods, nemelex_diamond_rough_becter, uniq_erica
D:11:     layout_cave_pods, uniq_harold, uniq_erolcha
D:12:     layout_basic, orc_david_3, hellmonk_ghost_big_iron, uniq_nergalle
D:13:     layout_big_octagon, grunt_vaults_entry_tiered, portal_ice_cave_rime,
          minmay_protected_statue
D:14:     layout_basic, chequers_mini_garden, kennysheep_windowed_goal
D:15:     grunt_enter_depths_snipers, layout_loops_ring, tso_altar,
          minmay_mirror_moons_of_madness, uniq_roxanne
Temple:   mainiacjoe_temple_trianglar_array
Lair:1:   layout_hall_layers
Lair:2:   layout_layer_cave
Lair:3:   layout_loops_ring, minmay_lair_oklob_items, lemuel_fruit_tree
Lair:4:   cheibrodos_lair_overgrown_chateau, layout_misc_corridors,
          minmay_shoals_entry_beasts, spider_nest_entry_funnel_web,
          lemuel_fruit_fields
Lair:5:   gammafunk_worm_tunnel, layout_cave_shapes, minmay_lair_drake_nest
Lair:6:   evilmike_catoblepas_cave, layout_gridlike, slime_altar_1,
          lemuel_fruit_fields
Shoals:1: layout_shoals, abandoned_shop
Shoals:2: layout_shoals, nicolae_shoals_isolated_beach
Shoals:3: layout_shoals
Shoals:4: shoals_end_hellmonk_storm_palace [storm_palace_center_square,
          storm_palace_corner_reverse_hut, storm_palace_corner_pillars,
          storm_palace_corner_altar, storm_palace_corner_blocked]
Spider:1: spiders_nest_scorpion_pit, hangedman_spider_tarantella_strand,
          uniq_donald
Spider:2: layout_chambers, nicolae_spider_undead_wolf_pack
Spider:3: layout_spider_delve
Spider:4: floodkiller_spider_rune_tomb, nicolae_spider_claw_tunnel
Orc:1:    layout_caves
Orc:2:    st_orc_mages, layout_caves, gammafunk_ghost_split
Elf:1:    eino_elf_arrival_sip, layout_geoelf_grid, serial_shops, shop_statue,
          evilmike_minifort, grunt_ministairs_14, nicolae_shop_overcharged_wands
Elf:2:    nicolae_elf_blades_crystal_corner, layout_loops_corners, minivault_16,
          hex_medium, drop_trap, chequers_hall_statues_wall_a
Elf:3:    minmay_elf_hall_golems, layout_loops_corners,
          gammafunk_ghost_wrathful_warriors, mu_enter_wizlab_2
Vaults:1: st_lattice, grunt_vaults_swirl, v_misc_13, hangedman_vaults_pinch,
          vaults_room_corners, layout_vaults_quadrants, serial_shops, shop
Vaults:2: v_alt_pattern_3, grunt_vaults_funnel, v_misc_28,
          hangedman_vaults_river_flow, hangedman_vaults_nodes, v_misc_12,
          nicolae_vaults_disjoint_gnomons, grunt_vaults_diagonal,
          nicolae_vaults_little_squares_5, vaults_room_stairs_pillars,
          nicolae_vaults_theta, nicolae_vaults_ring_of_whatevers,
          layout_vaults_omnibox, serial_shops, nicolae_square_shop
Vaults:3: nicolae_vaults_circle_grid_a, nicolae_vaults_triangles,
          nicolae_vaults_rhombus_6, vaults_standard_mumra_lines,
          nicolae_vaults_network_quincunx
          [nicolae_vaults_network_quincunx_subvault,
          nicolae_vaults_network_quincunx_subvault,
          nicolae_vaults_network_quincunx_subvault,
          nicolae_vaults_network_quincunx_subvault,
          nicolae_vaults_network_quincunx_subvault], v_alt_pattern_3,
          hangedman_vaults_stream, ontoclasm_vaults_fault,
          nicolae_vaults_alarming, nicolae_vaults_yaktaur_gun_rack,
          nicolae_vaults_specimen_jars, ontoclasm_vaults_ring_square,
          special_room_vaults [special_room_orc], layout_vaults_maze,
          dummy_crypt_entry, serial_shops, nicolae_shop_behind_doors,
          uniq_xtahua
Vaults:4: nicolae_vaults_twisting_passages, st_cross,
          nicolae_vaults_ring_of_whatevers, v_misc_1, v_misc_13,
          nicolae_vaults_little_ls, ontoclasm_vaults_twist,
          hangedman_vaults_restitches, vaults_dpeg_spiral, ontoclasm_vaults_eye,
          nicolae_vaults_gold_heap, nicolae_vaults_diagonal_hallway_6,
          vaults_room_door_hall, layout_vaults_chaotic_city
Vaults:5
Depths:1: layout_forbidden_donut, enter_ziggurat_f, hell_entry,
          chequers_serial_rivers_small_b, kennysheep_generic_room_2,
          serial_bayou_shore_b, serial_bayou_shore_a, uniq_enchantress
Depths:2: cheibrodos_hall_of_evolution, layout_gridville,
          nicolae_ru_awakened_eye, grunt_pan_entry_sceptre, abyss_entry,
          pf_hell_entry_tar_river, kennysheep_generic_room_11, firewood_loft,
          minmay_staircase_bubble
Depths:3: minmay_skeletal_surprise, layout_gridlike, hell_entry, abyss_entry,
          serial_shops, shop, shop, nicolae_shop_hallway_plus,
          grunt_gozag_breadcrumbs, minmay_checkered_concentric_circles,
          infiniplex_staircase_spiral, grunt_megastairs_5
Depths:4: grunt_crosshair, layout_cave_shapes, lightli_too_deep
Pan:      evilmike_mini_pan_layers, layout_long_grid

Skill      XL: |  1  2  3  4  5  6  7  8  9 10 11 12 13 14 15 16 17 18 19 20 21 22 23 24 25 26 27 |
---------------+----------------------------------------------------------------------------------+-----
Invocations    | 1 2 3 4 5 6 7 8 9 10 11 12 13 14 15 16 17 18 | 18.8
Short Blades   | 1 2 3 4 5 6 7 8 9 10 11 12 13 14 15 16 17 | 17.3
Axes           | 1 2 3 4 5 6 7 8 9 10 11 12 13 14 15 16 17 | 17.3
Maces & Flails | 1 2 3 4 5 6 7 8 9 10 11 12 13 14 15 16 17 | 17.3
Polearms       | 1 2 3 4 5 6 7 8 9 10 11 12 13 14 15 16 17 | 17.3
Staves         | 1 2 3 4 5 6 7 8 9 10 11 12 13 14 15 16 18 19 | 19.2
Slings         | 1 2 3 4 5 6 7 8 9 10 11 12 13 14 15 16 17 | 17.3
Bows           | 1 2 3 4 5 6 7 8 9 10 11 12 13 14 15 16 17 | 17.3
Crossbows      | 1 2 3 4 5 6 7 8 9 10 11 12 13 14 15 16 17 | 17.3
Throwing       | 1 2 3 4 5 6 7 8 9 10 11 12 13 14 15 16 17 | 17.3
Dodging        | 1 2 3 4 5 6 7 8 9 10 11 12 13 14 15 16 17 | 17.3
Stealth        | 1 2 3 4 5 6 7 8 9 10 11 12 13 14 15 16 17 | 17.3
Unarmed Combat | 1 2 3 4 5 6 7 8 9 10 11 12 13 14 15 16 17 | 17.3
Spellcasting   | 1 2 3 4 5 6 7 8 9 10 11 12 13 14 15 16 17 | 17.3
Evocations     | 1 2 3 4 5 6 7 8 9 10 11 12 13 14 15 16 17 | 17.3
Conjurations   | 1 2 3 4 5 6 7 8 9 10 11 12 13 14 | 14.8
Hexes          | 1 2 3 4 5 6 7 8 9 10 11 12 13 14 | 14.8
Summonings     | 1 2 3 4 5 6 7 8 9 10 11 12 13 14 15 16 | 16.5
Necromancy     | 1 2 3 4 5 6 7 8 9 10 11 12 13 14 | 14.8
Translocations | 1 2 3 4 5 6 7 8 9 10 11 12 13 14 | 14.8
Transmutations | 1 2 3 4 5 6 7 8 9 10 11 12 13 14 | 14.8
Fire Magic     | 1 2 3 4 5 6 7 8 9 10 11 12 13 14 | 14.8
Ice Magic      | 1 2 3 4 5 6 7 8 9 10 11 12 13 14 | 14.8
Air Magic      | 1 2 3 4 5 6 7 8 9 10 11 12 13 14 | 14.8
Earth Magic    | 1 2 3 4 5 6 7 8 9 10 11 12 13 14 | 14.8
Poison Magic   | 1 2 3 4 5 6 7 8 9 10 11 12 13 14 | 14.8
Long Blades    | 5 6 7 8 9 10 11 12 13 14 15 16 17 | 17.9
Fighting       | 7 8 9 10 11 12 13 14 15 16 17 18 | 18.4
Armour         | 7 8 9 10 11 12 13 15 16 17 18 19 20 21 22 23 | 23.3
Shields        | 7 8 9 10 11 12 13 14 15 16 17 18 | 18.4

Action                   |  1- 3 |  4- 6 |  7- 9 | 10-12 | 13-15 | 16-18 | 19-21 | 22-24 | 25-27 || total
-------------------------+-------+-------+-------+-------+-------+-------+-------+-------+-------++-------
Melee: Long sword        |     8 |     2 |    31 |       |       |   289 |   155 |   150 |    12 ||   647
       Dagger            |    98 |   142 |   194 |   516 |  1296 |  1017 |    14 |       |       ||  3277
       Bite              |     9 |    17 |    25 |    70 |   266 |   317 |   514 |   574 |   172 ||  1964
       Scimitar          |       |       |       |    20 |    30 |    10 |       |       |       ||    60
       Pair of quick bla |       |       |       |       |   215 |       |       |       |       ||   215
       Lajatang          |       |       |       |       |     4 |       |       |       |       ||     4
       Broad axe         |       |       |       |       |       |   384 |  2264 |  1072 |       ||  3720
       Unarmed           |       |       |       |       |       |    10 |       |    16 |       ||    26
       War axe           |       |       |       |       |       |       |       |   855 |   608 ||  1463
       Punch             |       |       |       |       |       |       |       |       |     6 ||     6
Throw: Javelin           |       |       |       |    13 |    25 |   109 |    28 |    30 |     1 ||   206
 Cast: Foxfire           |       |       |       |     5 |       |       |       |       |       ||     5
       Silence           |       |       |       |       |       |       |     4 |     1 |     4 ||     9
Invok: Heroism           |       |       |     1 |    13 |    14 |    28 |    30 |     8 |       ||    94
       Finesse           |       |       |       |       |       |       |     2 |       |     1 ||     3
Evoke: Wand              |       |       |       |     2 |     7 |     4 |     8 |     5 |       ||    26
       Lightning rod     |       |       |       |       |     3 |     4 |    11 |    11 |       ||    29
       Condenser vane    |       |       |       |       |     3 |     5 |     6 |     7 |     2 ||    23
       Tin of tremorston |       |       |       |       |       |       |     2 |     2 |       ||     4
  Use: Scroll            |       |       |     1 |    12 |    12 |    25 |    18 |    15 |     3 ||    86
       Potion            |       |       |       |     2 |     1 |     3 |     8 |     6 |    11 ||    31
 Stab: Distracted        |       |       |     3 |    16 |    33 |    43 |    17 |    12 |     4 ||   128
       Sleeping          |       |       |     1 |     7 |    25 |    38 |    74 |    17 |     1 ||   163
       Petrified         |       |       |       |       |     1 |       |       |       |       ||     1
       Paralysed         |       |       |       |       |       |     1 |       |       |       ||     1
       Held in net/web   |       |       |       |       |       |       |     1 |       |       ||     1
Armor: Scale mail        |    40 |    54 |    71 |    31 |       |       |       |       |       ||   196
       Swamp dragon scal |       |       |       |    66 |   225 |   319 |   740 |    51 |       ||  1401
       Chain mail        |       |       |       |     4 |       |       |       |       |       ||     4
       Gold dragon scale |       |       |       |       |       |       |       |   873 |   423 ||  1296
Dodge: Dodged            |    26 |    52 |    69 |   153 |   445 |   811 |  2391 |  1147 |   489 ||  5583
Block: Buckler           |    22 |    34 |    63 |   195 |   421 |   416 |  1567 |  1127 |   294 ||  4139
       Reflection        |       |       |     6 |    10 |    15 |    41 |    23 |    30 |    10 ||   135

Table legend: (Time is in decaauts)
 A = Elapsed time spent in this place.
 B = Non-inter-level travel time spent in this place.
 C = Inter-level travel time spent in this place.
 D = Time resting spent in this place.
 E = Time spent auto-exploring this place.
 F = Levels seen in this place.
 G = Mean time per level.
                   A        B        C        D        E       F      G
               +--------+--------+--------+--------+--------+-----+--------+
         Total |  81689 |  74933 |   6756 |  13542 |  36077 |  47 | 1738.1 |
       Dungeon |  21308 |  18843 |   2465 |   2209 |  12101 |  15 | 1420.5 |
        Temple |    404 |    377 |     27 |      0 |    370 |   1 |  404.0 |
          Lair |  10246 |   9041 |   1205 |    785 |   6128 |   6 | 1707.7 |
        Shoals |   8606 |   8105 |    501 |   2265 |   3020 |   4 | 2151.5 |
   Spider Nest |   6381 |   6058 |    323 |    233 |   3067 |   4 | 1595.2 |
  Orcish Mines |   2354 |   2002 |    352 |    324 |    963 |   2 | 1177.0 |
   Elven Halls |   8331 |   7896 |    435 |   1738 |   3342 |   3 | 2777.0 |
        Vaults |  11178 |  10212 |    966 |   1745 |   3685 |   5 | 2235.6 |
        Depths |   6330 |   5851 |    479 |    285 |   3194 |   4 | 1582.5 |
   Pandemonium |     90 |     90 |      0 |      0 |      0 |   1 |   90.0 |
      Ice Cave |   2009 |   2009 |      0 |   1370 |     96 |   1 | 2009.0 |
        Wizlab |   4447 |   4447 |      0 |   2588 |    110 |   1 | 4447.0 |
               +--------+--------+--------+--------+--------+-----+--------+

Top non-repeatable levels by time:
  WizLab: 4447 daAuts
   Elf:3: 3323 daAuts
Shoals:4: 3180 daAuts
Vaults:3: 2744 daAuts
   Elf:2: 2608 daAuts
    D:15: 2537 daAuts
Vaults:1: 2513 daAuts
  Lair:4: 2471 daAuts
Vaults:2: 2421 daAuts
   Elf:1: 2399 daAuts
Shoals:1: 2224 daAuts
     D:9: 2191 daAuts
    D:14: 2080 daAuts
    D:13: 2049 daAuts
   IceCv: 2009 daAuts
